 Dungeon Crawl Stone Soup version 0.28.0-1-gb440e238dd (webtiles) character file.

Game seed: 946364155797947342

1396 Ablot the Grasshopper (level 8, 0/64 HPs)
             Began as a Gnoll Warper on Feb 23, 2022.
             Succumbed to a killer bee's poison
             ... on level 5 of the Dungeon.
             The game lasted 00:10:26 (4981 turns).

Ablot the Grasshopper (Gnoll Warper)                Turns: 4981, Time: 00:10:27

Health: 0/64       AC: 14    Str: 13    XL:     8   Next: 68%
Magic:  17/17      EV: 13    Int: 12    God:
Gold:   264        SH:  0    Dex: 18    Spells: 17/19 levels left

rFire   . . .      SeeInvis +   a - +0 trident of Defiance {speed, Dex+6}
rCold   . . .      Faith    .   (no shield)
rNeg    . . .      Spirit   .   b - +3 ring mail
rPois   .          Reflect  .   r - +0 helmet
rElec   .          Harm     .   s - +0 cloak
rCorr   .          Rampage  .   f - +2 pair of gloves
Will    .....                   (no boots)
Stlth   ++........              (no amulet)
HPRegen 0.20/turn               l - ring of see invisible
MPRegen 0.15/turn               (no ring)

@: mighty, lethally poisoned (0 -> -3), hasted, very quick
A: fangs 1, strong nose, distributed training
a: no special abilities


You were on level 5 of the Dungeon.
You visited 1 branch of the dungeon, and saw 5 of its levels.

You collected 264 gold pieces.

Inventory:

Hand Weapons
 a - the +0 trident of Defiance (weapon) {speed, Dex+6}
   (You took it off an orc on level 3 of the Dungeon)

   Attacks with this weapon are significantly faster.
   Dex:       It affects your dexterity (+6).
 o - a +0 whip of venom
Missiles
 d - 5 boomerangs of dispersal
 e - 74 bolts
 g - 100 stones
 p - 38 sling bullets
 v - 2 poisoned darts (quivered)
 C - 2 throwing nets
Armour
 b - a +3 ring mail (worn)
 f - a +2 pair of gloves (worn)
 r - a +0 helmet (worn)
 s - a +0 cloak (worn)
 A - a +2 robe of willpower
Jewellery
 l - a ring of see invisible (left hand)
Wands
 y - a wand of polymorph (12)
 B - a wand of iceblast (4)
Scrolls
 c - a scroll of blinking
 h - 2 scrolls of immolation {unknown}
 i - 6 scrolls of identify {unknown}
 k - 2 scrolls of teleportation {unknown}
 m - a scroll of noise {unknown}
 q - a scroll of enchant weapon {unknown}
 u - a scroll of summoning
Potions
 j - 2 potions of haste
 n - a potion of might
 t - 2 potions of attraction {unknown}
 w - a potion of brilliance {unknown}
 x - a potion of degeneration {unknown}
 z - a potion of lignification {unknown}


   Skills:
 + Level 5.8 Fighting
 + Level 3.5 Short Blades
 + Level 3.5 Long Blades
 + Level 3.5 Axes
 + Level 3.5 Maces & Flails
 + Level 5.8 Polearms
 + Level 3.5 Staves
 + Level 3.5 Slings
 + Level 3.5 Bows
 + Level 3.5 Crossbows
 + Level 4.4 Throwing
 + Level 4.4 Armour
 + Level 5.8 Dodging
 + Level 3.5 Stealth
 + Level 3.5 Shields
 + Level 3.5 Unarmed Combat
 + Level 6.1 Spellcasting
 + Level 2.8 Conjurations
 + Level 2.8 Hexes
 + Level 2.8 Summonings
 + Level 2.8 Necromancy
 + Level 6.2 Translocations
 + Level 2.8 Transmutations
 + Level 2.8 Fire Magic
 + Level 2.8 Ice Magic
 + Level 2.8 Air Magic
 + Level 2.8 Earth Magic
 + Level 2.8 Poison Magic
 + Level 3.8 Invocations
 + Level 3.5 Evocations


You had 17 spell levels left.
You knew the following spells:

 Your Spells              Type           Power      Damage    Failure   Level
a - Blink                 Tloc           36%        N/A       4%          2

Your spell library contained the following spells:

 Spells                   Type           Power      Damage    Failure   Level
 Gell's Gravitas          Tloc           18%        N/A       9%          3
 Lesser Beckoning         Tloc           18%        N/A       9%          3
 Teleport Other           Tloc           18%        N/A       9%          3
 Magic Dart               Conj           40%        1d5       11%         1
 Call Imp                 Summ           10%        N/A       16%         2
 Portal Projectile        Hex/Tloc       28%        N/A       16%         3
 Mephitic Cloud           Conj/Pois/Air  10%        N/A       32%         3
 Manifold Assault         Tloc           18%        N/A       58%         5
 Blade Hands              Tmut           5%         N/A       96%         5
 Excruciating Wounds      Necr           5%         N/A       96%         5


Dungeon Overview and Level Annotations

Branches:
Dungeon (5/15)
 Temple: D:4-7

Altars:

Shops:
D:4 *

Annotations:
D:5 Prince Ribbit


Innate Abilities, Weirdness & Mutations

You have very sharp teeth.
Your uncanny sense of smell can sniff out nearby items.
Your experience applies equally to all skills.


Message History

You feel sick.
The killer bee stings you but does no damage.
You closely miss the killer bee.
The killer bee is moderately wounded.
You feel sick. The killer bee misses you.
You miss the killer bee.
The killer bee is moderately wounded.
You hit the killer bee.
The killer bee is heavily wounded.
You feel sick. The killer bee stings you.
* * * LOW HITPOINT WARNING * * *
You miss the killer bee.
The killer bee is heavily wounded.
You feel sick. The killer bee barely misses you.
You closely miss the killer bee. Your bite misses the killer bee.
The killer bee is heavily wounded.
The killer bee stings you.
* * * LOW HITPOINT WARNING * * *
Unknown command.
It was a potion of might.
You feel very mighty all of a sudden.
* * * LOW HITPOINT WARNING * * *
You feel sick. The killer bee closely misses you.
The killer bee stings you but does no damage.
Unknown command.
You puncture the killer bee!
You kill the killer bee!
Unknown command.
You puncture the killer bee!
The killer bee is heavily wounded.
* * * LOW HITPOINT WARNING * * *
You feel sick.
Unknown command.
You hit the killer bee.
The killer bee is severely wounded.
The killer bee closely misses you.
Unknown command.
You miss the killer bee.
The killer bee is severely wounded.
You die...

#### ....#..............##.###
#.... ##..#.............##...#.
......#........................
#..#....................##
..)...y##..........)..........#
.....$l ##................##.##
....... ##...>#..........####
.###... ##.y##........### ###.
###@........## ## #........###
##......## #....### #......#
#......# ##.#..## ######


You could see a killer bee.

Vanquished Creatures
  Sigmund (D:2)
  A water moccasin (D:4)
  A necrophage (D:5)
  A black bear (D:5)
  A bullfrog (D:3)
  3 scorpions
  5 killer bees (D:5)
  Crazy Yiuf (D:2)
  A hound (D:3)
  A jelly (D:4)
  A bullfrog skeleton (D:4)
  An orc priest (D:5)
  A gnoll shaman (D:4)
  Ijyb (D:4)
  Jessica (D:3)
  An iguana (D:4)
  A scorpion zombie (D:5)
  6 gnolls
  7 adders
  2 dart slugs
  12 orcs
  8 bats
  2 endoplasms (D:4)
  4 giant cockroaches
  4 goblins
  8 hobgoblins
  7 jackals
  8 quokkas
  7 ball pythons
  7 frilled lizards
  11 kobolds
  5 rats
121 creatures vanquished.

Vanquished Creatures (others)
  A fungus (D:2)
1 creature vanquished.

Grand Total: 122 creatures vanquished

Notes
Turn   | Place    | Note
-------+----------+-------------------------------------------
     0 | D:1      | Ablot the Gnoll Warper began the quest for the Orb.
     0 | D:1      | Reached XP level 1. HP: 20/20 MP: 6/6
   206 | D:1      | Reached XP level 2. HP: 26/26 MP: 7/7
   210 | D:1      | Learned a level 2 spell: Blink
   517 | D:1      | Reached XP level 3. HP: 28/31 MP: 9/9
   591 | D:1      | Reached skill level 5 in Spellcasting
  1045 | D:1      | Reached skill level 1 in Invocations
  1224 | D:2      | Reached skill level 1 in Short Blades
  1224 | D:2      | Reached skill level 1 in Long Blades
  1224 | D:2      | Reached skill level 1 in Axes
  1224 | D:2      | Reached skill level 1 in Maces & Flails
  1224 | D:2      | Reached skill level 1 in Staves
  1224 | D:2      | Reached skill level 1 in Slings
  1224 | D:2      | Reached skill level 1 in Bows
  1224 | D:2      | Reached skill level 1 in Crossbows
  1224 | D:2      | Reached skill level 1 in Stealth
  1224 | D:2      | Reached skill level 1 in Shields
  1224 | D:2      | Reached skill level 1 in Unarmed Combat
  1224 | D:2      | Reached skill level 1 in Evocations
  1259 | D:2      | Reached XP level 4. HP: 37/38 MP: 11/11
  1408 | D:2      | Noticed Sigmund
  1494 | D:2      | Found a faded altar of an unknown god.
  1827 | D:3      | Reached skill level 1 in Conjurations
  1827 | D:3      | Reached skill level 1 in Hexes
  1827 | D:3      | Reached skill level 1 in Summonings
  1827 | D:3      | Reached skill level 1 in Necromancy
  1827 | D:3      | Reached skill level 1 in Transmutations
  1827 | D:3      | Reached skill level 1 in Fire Magic
  1827 | D:3      | Reached skill level 1 in Ice Magic
  1827 | D:3      | Reached skill level 1 in Air Magic
  1827 | D:3      | Reached skill level 1 in Earth Magic
  1827 | D:3      | Reached skill level 1 in Poison Magic
  1855 | D:3      | Identified the +0 trident of Defiance {speed, Dex+6}
  1885 | D:3      | Reached XP level 5. HP: 17/43 MP: 12/12
  2091 | D:3      | Noticed Jessica
  2103 | D:3      | Killed Jessica
  2295 | D:3      | Reached XP level 6. HP: 50/50 MP: 14/14
  2426 | D:4      | Reached skill level 5 in Fighting
  2426 | D:4      | Reached skill level 5 in Polearms
  2426 | D:4      | Reached skill level 5 in Dodging
  2700 | D:4      | Reached XP level 7. HP: 40/56 MP: 15/15
  3027 | D:4      | Found Innibiga's Fire Supplies.
  3207 | D:5      | Entered Level 5 of the Dungeon
  3359 | D:2      | Killed Sigmund
  3805 | D:2      | Found a runed translucent door.
  3806 | D:2      | Noticed Crazy Yiuf
  3814 | D:2      | Killed Crazy Yiuf
  4019 | D:5      | Noticed Prince Ribbit
  4084 | D:5      | Noticed Ijyb
  4120 | D:4      | Killed Ijyb
  4553 | D:4      | Reached XP level 8. HP: 62/63 MP: 16/16
  4976 | D:5      | HP: 2/64 [killer bee (4)]
  4981 | D:5      | Succumbed to a killer bee's poison

Illustrated notes

Levels and vault maps discovered:
D:1:      matt_arrival_grand_opening, layout_basic
D:2:      layout_rooms, dreamdust_ecumenical_altar_hidden_monk_grotto,
          uniq_sigmund, uniq_crazy_yiuf_cottage
D:3:      layout_rooms, kennysheep_generic_room_8, uniq_jessica
D:4:      layout_cave_pools, nicolae_shop_fire_sale [nicolae_sub_dead_trees]
D:5:      layout_cave_pools, minmay_temple_entry_poolview, uniq_prince_ribbit1,
          uniq_ijyb

Skill      XL: |  1  2  3  4  5  6  7  8 |
---------------+-------------------------+-----
Spellcasting   | 5 6 |  6.1
Invocations    | 1 2 3 |  3.8
Short Blades   | 1 2 3 |  3.5
Long Blades    | 1 2 3 |  3.5
Axes           | 1 2 3 |  3.5
Maces & Flails | 1 2 3 |  3.5
Staves         | 1 2 3 |  3.5
Slings         | 1 2 3 |  3.5
Bows           | 1 2 3 |  3.5
Crossbows      | 1 2 3 |  3.5
Stealth        | 1 2 3 |  3.5
Shields        | 1 2 3 |  3.5
Unarmed Combat | 1 2 3 |  3.5
Evocations     | 1 2 3 |  3.5
Conjurations   | 1 2 |  2.8
Hexes          | 1 2 |  2.8
Summonings     | 1 2 |  2.8
Necromancy     | 1 2 |  2.8
Transmutations | 1 2 |  2.8
Fire Magic     | 1 2 |  2.8
Ice Magic      | 1 2 |  2.8
Air Magic      | 1 2 |  2.8
Earth Magic    | 1 2 |  2.8
Poison Magic   | 1 2 |  2.8
Throwing       | 3 4 |  4.4
Armour         | 3 4 |  4.4
Fighting       | 5 |  5.8
Polearms       | 5 |  5.8
Dodging        | 5 |  5.8
Translocations | 6 |  6.2

Action                   |  1- 3 |  4- 6 |  7- 9 || total
-------------------------+-------+-------+-------++-------
Melee: Spear             |   137 |   111 |       ||   248
       Bite              |     6 |    22 |    29 ||    57
       Punch             |     1 |     2 |     7 ||    10
       Trident           |       |    85 |   275 ||   360
Throw: Stone             |       |     2 |       ||     2
  Use: Potion            |       |       |     2 ||     2
 Stab: Sleeping          |       |     2 |       ||     2
Armor: Leather armour    |    29 |    21 |       ||    50
       Ring mail         |       |    27 |    63 ||    90
       Skin              |       |       |     6 ||     6
Dodge: Dodged            |    76 |   130 |   135 ||   341
